 Dungeon Crawl Stone Soup version 0.25.1-2-g60ff931df9 (webtiles) character file.

Game seed: 1987050627877630799

2259 Mitsuki the Grappler (level 9, 0/78 (79) HPs)
             Began as a Ghoul Monk on Aug 2, 2020.
             Was a Believer of Kikubaaqudgha.
             Slain by a killer bee (4 damage)
             ... on level 6 of the Dungeon on Aug 3, 2020.
             The game lasted 00:48:39 (9027 turns).

Mitsuki the Grappler (Ghoul Monk)                   Turns: 9027, Time: 00:48:39

HP:   0/78 (79)     AC:  6    Str: 18    XL:     9   Next: 38%
MP:   8/8           EV: 14    Int:  5    God:    Kikubaaqudgha [**....]
Gold: 285           SH:  0    Dex: 11    Spells: 8/8 levels left

rFire    . . .     SeeInvis .     - Unarmed
rCold    + . .     Gourm    .   (no shield)
rNeg     + + +     Faith    .   q - +0 leather armour
rPois    ∞         Spirit   .   i - +0 helmet
rElec    .         Reflect  .   v - +0 cloak
rCorr    .         Harm     .   (no gloves)
MR       ++...                  p - +0 pair of boots
Stlth    ++........             (no amulet)
HPRegen  0.00/turn              o - ring of protection from magic
MPRegen  0.11/turn              y - ring of protection from magic

@: about to teleport, rotting
A: rotting body, claws 1, carnivore, cold resistance 1, negative energy
resistance 3, inhibited regeneration, torment resistance, unbreathing
a: Receive Corpses, Renounce Religion


You were on level 6 of the Dungeon.
You worshipped Kikubaaqudgha.
Kikubaaqudgha was pleased with you.
You were not hungry.

You visited 2 branches of the dungeon, and saw 8 of its levels.

You collected 285 gold pieces.

Inventory:

Missiles
 a - 2 throwing nets
 j - 4 curare-tipped darts (quivered)
Armour
 i - a +0 helmet (worn)
 p - a +0 pair of boots (worn)
 q - a +0 leather armour (worn)
 v - a +0 cloak (worn)
 A - a +0 pair of gloves
Magical Staves
 u - an uncursed staff of summoning {unknown}
Jewellery
 g - an uncursed ring of wizardry {unknown}
 o - a ring of protection from magic (left claw)
 t - an uncursed amulet of regeneration
 y - a ring of protection from magic (right claw)
 D - an uncursed ring of flight {unknown}
 E - a cursed amulet of inaccuracy {unknown}
Wands
 C - a wand of clouds (5)
Scrolls
 e - 2 scrolls of immolation {unknown}
 f - 3 scrolls of blinking {unknown}
 h - 5 scrolls of remove curse {unknown}
 l - 7 scrolls of teleportation
 n - 5 scrolls of identify {unknown}
 r - a scroll of random uselessness {unknown}
 z - a scroll of magic mapping {unknown}
 B - a scroll of noise {unknown}
 F - 2 scrolls of enchant armour {unknown}
Potions
 c - 4 potions of heal wounds
 d - 3 potions of flight {unknown}
 k - a potion of brilliance {unknown}
 m - 3 potions of invisibility {unknown}
 s - a potion of resistance {unknown}
 w - 3 potions of curing {unknown}
 x - a potion of stabbing {unknown}
Comestibles
 b - 11 rations


   Skills:
 + Level 7.6 Fighting
 + Level 6.3 Dodging
 - Level 2.2 Stealth
 * Level 9.8 Unarmed Combat


You had 8 spell levels left.
You didn't know any spells.
Your spell library contained the following spells:

 Spells                   Type           Power        Failure   Level  Hunger
 Animate Skeleton         Necr           N/A          54%         1    ##.....
 Corona                   Hex            #......      54%         1    ##.....
 Pain                     Necr           #...         54%         1    ##.....
 Corpse Rot               Necr/Air       N/A          67%         2    ###....
 Slow                     Hex            #.......     67%         2    ###....
 Inner Flame              Hex/Fire       #.......     88%         3    ####...
 Portal Projectile        Hex/Tloc       #.....       88%         3    ####...
 Vampiric Draining        Necr           #.........   88%         3    ####...
 Cause Fear               Hex            #.........   99%         4    #####..
 Leda's Liquefaction      Hex/Erth       #.........   99%         4    #####..


Dungeon Overview and Level Annotations

Branches:
Dungeon (7/15)             Temple (1/1) D:4

Altars:
Ashenzari
Cheibriados
Dithmenos
Gozag
Hepliaklqana
Kikubaaqudgha
Makhleb
Okawaru
Qazlal
Ru
Sif Muna
Vehumet
Xom
Yredelemnul
Zin
The Shining One

Annotations:
D:7 Harold


Innate Abilities, Weirdness & Mutations

Your body is rotting away.
You thrive on raw meat.
You are immune to poison.
You have sharp fingernails.
You are carnivorous and can eat meat at any time.
Your flesh is cold resistant. (rC+)
You are immune to negative energy. (rN+++)
You do not regenerate when monsters are visible.
You are immune to unholy pain and torment.
You can survive without breathing.


Message History

The killer bee barely misses you.
The killer bee stings you but does no damage.
The killer bee misses you.
You climb upwards.
There is a stone staircase leading down here.
You take 17 damage, and have 19/78 hp.
MASSIVE DAMAGE!!
Okay, then.
As you read the scroll of teleportation, it crumbles to dust.
You feel strangely unstable. The killer bee stings you!
* * * LOW HITPOINT WARNING * * *
The killer bee stings you.
* * * LOW HITPOINT WARNING * * *
The killer bee closely misses you. The killer bee stings you.
* * * LOW HITPOINT WARNING * * *
The killer bee closely misses you. The killer bee misses you.
The killer bee stings you.
* * * LOW HITPOINT WARNING * * *
The killer bee stings you.
You die...
Kikubaaqudgha rasps: "You have failed me!
Welcome... oblivion!"

#..## ##........#..8
#..# #............_
#..# #.........#..8
#..# #...##########
#..# ##..## ##..#
##..## ##########...#
##..##
#......)....[####y.##
............)##.@y##
..###########..yy##
..# #....# ..#
##...## ..## #....#
...### #....#
#....### ##....#
####...####.....#
##...........##


You could see 4 killer bees.

Vanquished Creatures
  A hippogriff (D:7)
  A hungry ghost (D:7)
  An ice beast (D:7)
  A phantom (D:4)
  2 orc warriors
  2 centaurs
  2 ogres (D:6)
  A wyvern skeleton (D:6)
  3 killer bees (D:7)
  2 scorpions
  A water moccasin skeleton (D:5)
  An orc priest (D:3)
  A bullfrog zombie (D:5)
  A bullfrog skeleton (D:6)
  2 hounds
  An iguana (D:5)
  5 orc wizards
  7 worker ants
  A killer bee zombie (D:6)
  A hound skeleton (D:7)
  7 adders
  16 gnolls
  A howler monkey zombie (D:7)
  3 shadow imps
  2 oozes
  An adder skeleton (D:5)
  4 worms
  2 leopard geckos (D:3)
  30 orcs
  8 bats
  6 giant cockroaches
  9 goblins
  2 hobgoblins
  11 jackals
  5 quokkas
  2 ball pythons
  4 frilled lizards
  2 gnoll zombies (D:3)
  6 kobolds
  A leopard gecko skeleton (D:5)
  12 rats
171 creatures vanquished.

Notes
Turn   | Place    | Note
-------+----------+-------------------------------------------
     0 | D:1      | Mitsuki the Ghoul Monk began the quest for the Orb.
     0 | D:1      | Reached XP level 1. HP: 19/19 MP: 0/0
   159 | D:1      | Reached XP level 2. HP: 24/26 MP: 1/1
   993 | D:1      | Reached XP level 3. HP: 33/33 MP: 2/2
  1821 | D:2      | Reached skill level 4 in Unarmed Combat
  2116 | D:2      | Found a shimmering blue altar of Sif Muna.
  2297 | D:3      | Reached XP level 4. HP: 40/40 MP: 3/3
  2583 | D:3      | Reached XP level 5. HP: 37/47 MP: 4/4
  3438 | D:3      | Found a basalt altar of Yredelemnul.
  3649 | D:4      | Reached skill level 5 in Unarmed Combat
  3854 | D:4      | Noticed a phantom
  3862 | D:3      | Reached XP level 6. HP: 23/55 MP: 5/5
  4343 | D:4      | Found a shimmering altar of Xom.
  4345 | D:4      | Noticed an angel
  4361 | D:4      | Found a staircase to the Ecumenical Temple.
  4371 | Temple   | Entered the Ecumenical Temple
  4757 | D:3      | HP: 2/55 [gnoll/+0 flail (11)]
  4900 | D:3      | Reached skill level 5 in Fighting
  5285 | D:4      | Found a glowing silver altar of Zin.
  5506 | D:4      | Killed a phantom
  5506 | D:4      | Reached skill level 6 in Unarmed Combat
  5506 | D:4      | Reached XP level 7. HP: 46/59 MP: 6/6
  5845 | D:5      | Entered Level 5 of the Dungeon
  6169 | D:5      | Reached skill level 7 in Unarmed Combat
  6181 | D:5      | Found a stormy altar of Qazlal.
  6356 | D:5      | Reached XP level 8. HP: 67/70 MP: 7/7
  6670 | D:6      | Found an opulent altar of Gozag.
  6718 | D:6      | Reached skill level 5 in Dodging
  7393 | D:6      | Reached skill level 8 in Unarmed Combat
  8178 | D:7      | Found a hazy altar of Hepliaklqana.
  8482 | D:7      | Found an ancient bone altar of Kikubaaqudgha.
  8490 | D:7      | Became a worshipper of Kikubaaqudgha
  8490 | D:7      | Reached * piety under Kikubaaqudgha
  8490 | D:7      | Identified Kikubaaqudgha's Volume of Necromancy
                  | (Kikubaaqudgha gifted it to you on level 7 of the Dungeon)
  8490 | D:7      | Received a gift from Kikubaaqudgha
  8490 | D:7      | Reached ** piety under Kikubaaqudgha
  8538 | D:7      | Reached skill level 9 in Unarmed Combat
  8560 | D:7      | Reached XP level 9. HP: 26/79 MP: 8/8
  8855 | D:7      | Noticed Harold
  9027 | D:6      | Slain by a killer bee

Illustrated notes

Levels and vault maps discovered:
D:1:      dpeg_arrival_subterranean_lakeside_camping, layout_basic
D:2:      layout_rooms, lemuel_blue_sif_altar, dk_noncrumbling_3,
          grunt_ministairs_14, minmay_misc_feat_room
D:3:      layout_basic, lemuel_zombie_altar_yredelemnul
D:4:      layout_cave_pools, grunt_temple_overflow_order_and_chaos_1,
          minmay_temple_entry_gardened_gates, grunt_ministairs_9
D:5:      layout_basic, first_ration, grunt_qazlal_clouds
D:6:      layout_layer_cave, grunt_gozag_breadcrumbs
D:7:      layout_cave_pools, lightli_temple_of_fire,
          nicolae_overflow_hidden_temple, basic_altar,
          chequers_serial_rivers_room_b, uniq_harold
Temple:   compressed_dpeg_triangle_lava_temple

Skill      XL: |  1  2  3  4  5  6  7  8  9 |
---------------+----------------------------+-----
Dodging        | 3 4 5 6 |  6.3
Fighting       | 4 5 6 7 |  7.6
Unarmed Combat | 4 5 6 7 9 |  9.8
Stealth        | |  2.2

Action                   |  1- 3 |  4- 6 |  7- 9 || total
-------------------------+-------+-------+-------++-------
Melee: Unarmed           |   146 |   237 |   289 ||   672
       Punch             |     1 |     7 |    10 ||    18
Invok: Receive Corpses   |       |       |     1 ||     1
  Use: Potion            |       |     1 |       ||     1
       Scroll            |       |       |     2 ||     2
 Stab: Sleeping          |     3 |     2 |     3 ||     8
       Distracted        |     1 |       |     1 ||     2
  Eat: Chunk             |     6 |    19 |    47 ||    72
Armor: Robe              |    38 |       |       ||    38
       Leather armour    |       |    60 |    70 ||   130
Dodge: Dodged            |    89 |   181 |   223 ||   493
